 Dungeon Crawl Stone Soup version 0.31-a0-692-gf03d1854d5 (webtiles) character file.

Game seed: 6972795824938510104

212 qw the Shooter (level 5, -3/33 HPs)
             Began as a Gargoyle Hunter on Sept 6, 2023.
             Slain by Duvessa
             ... wielding a +0 short sword
              (5 damage)
             ... on level 4 of the Dungeon.
             The game lasted 00:00:56 (2497 turns).

qw the Shooter (Gargoyle Hunter)                    Turns: 2497, Time: 00:00:57

Health: -3/33      AC:  8    Str: 14    XL:     5   Next: 90%
Magic:  5/5        EV: 11    Int: 10    God:
Gold:   145        SH:  0    Dex: 15    Spells: 4/4 levels left

rFire   . . .        Y - +0 shortbow (flame)
rCold   . . .        (shield currently unavailable)
rNeg    + . .        c - +0 leather armour
rPois   inf          (no helmet)
rElec   +            (no cloak)
rCorr   .            f - +0 pair of gloves
SInv    .            (no boots)
Will    .....        (no amulet)
Stlth   +++          (no ring)
HPRegen 0.25/turn    (no ring)
MPRegen 0.09/turn

%: clarity
@: no status effects
A: sickness immunity, AC +4, negative energy resistance 1, electricity
resistance, torment resistance 1, petrification resistance, camouflage 1,
clarity, MP-powered wands
a: no special abilities


You were on level 4 of the Dungeon.
You visited 1 branch of the dungeon, and saw 4 of its levels.

You collected 145 gold pieces.


Innate Abilities, Weirdness & Mutations

You are immune to sickness and miasma.
Your stone body is resilient. (AC +4)
You are immune to poison.
You resist negative energy. (rN+)
You are resistant to electric shocks. (rElec)
You are resistant to unholy torment.
You are immune to petrification.
Your skin changes colour to match your surroundings (Stealth+).
You possess an exceptional clarity of mind.
You expend magic power (3 MP) to strengthen your wands.


   Skills:
 + Level 3.9 Fighting
 - Level 6.0 Ranged Weapons
 - Level 1.5 Armour
 - Level 1.5 Dodging
 - Level 1.1 Stealth


You had 4 spell levels left.
You didn't know any spells.
Your spell library was empty.

Inventory:

Hand Weapons
 Y - a +0 shortbow of flaming (weapon)
Armour
 c - a +0 leather armour (worn)
 f - a +0 pair of gloves (worn)
Scrolls
 i - 2 scrolls of identify
Potions
 a - 2 potions of might {unknown}
 b - 2 potions of curing
 e - a potion of mutation
 j - 2 potions of haste

Dungeon Overview and Level Annotations

Branches:
Dungeon (4/15)
 Temple: D:4-7

Altars:

Shops:
D:1 [

Annotations:
D:4 Dowan, Duvessa


Message History

Duvessa is lightly wounded.
Duvessa says, "When magic and the sword combine, nothing stands against them."
Dowan, Brother of Duvessa comes into view.
He is wielding a +0 dagger.
2487 |||
Found retreat position at -2,0 (floor) with 0 blocking monsters and 1 monsters attacking at destination at distance 2 x2
2487 ||| RETREATING.
You shoot an arrow. The arrow barely misses Duvessa.
You shoot an arrow. The arrow barely misses Duvessa.
You hear a shout!
Duvessa says, "Practise, practise, practise!
One day you'll be as good as me." Duvessa hits you with a +0 short sword.
You shoot an arrow. The arrow hits Duvessa!
The arrow burns Duvessa.
Duvessa is heavily wounded.
Duvessa closely misses you.
2491 |||
Found retreat position at -1,0 (floor) with 0 blocking monsters and 1 monsters attacking at destination at distance 1
2491 ||| Stepping ~*~*~tactically~*~*~ (retreating).
Duvessa attacks as she pursues you! Duvessa hits you with a +0 short sword.
You shoot an arrow.
The arrow hits Duvessa but does no damage.
Duvessa is heavily wounded.
Dowan mumbles some strange words.
Dowan blinks!
Duvessa hits you but does no damage.
You shoot an arrow. The arrow closely misses Duvessa.
The arrow hits Dowan!
The arrow burns Dowan.
Dowan is heavily wounded.
Duvessa hits you with a +0 short sword! x2
You shoot an arrow. The arrow hits Duvessa.
The arrow burns Duvessa.
Duvessa is heavily wounded.
Duvessa barely misses you.
You shoot an arrow. The arrow barely misses Duvessa.
The arrow barely misses Dowan.
Duvessa hits you with a +0 short sword.
You shoot an arrow. The arrow barely misses Duvessa.
The arrow closely misses Dowan.
Duvessa hits you with a +0 short sword!
You shoot an arrow. The arrow closely misses Duvessa.
The arrow hits Dowan.
The arrow burns Dowan.
Dowan is severely wounded.
Dowan gestures wildly while chanting.
Dowan blinks!
Duvessa hits you with a +0 short sword.
You die...

.... .........#...
.......#......... .e
...............# .#
..............# .#
#.#...........# .#
##....#........# .# #
#...........>..##.##
#.#>.<.....#....##...#
#...(..#..##..#.@e¤..#
......)[..##..####)...:#
...#.)..........##...###
.##..................#
#..............##...#
................######
.#......><......#
##..........#####
#..........#


You could see Duvessa.

Vanquished Creatures
  A hound (D:3)
  2 orc priests
  3 adders
  3 gnolls (D:3)
  4 dart slugs
  7 orcs
  5 bats
  3 endoplasms
  3 giant cockroaches
  3 goblins
  4 hobgoblins
  7 kobolds
  4 quokkas
  A ball python (D:2)
  3 frilled lizards
  A rat (D:1)
54 creatures vanquished.

Notes
Turn   | Place    | Note
-------+----------+-------------------------------------------
     0 | D:1      | qw the Gargoyle Hunter began the quest for the Orb.
     0 | D:1      | Reached XP level 1. HP: 12/12 MP: 1/1
     0 | D:1      | 0 ||| qw: Version: 0.3-a-76-g4403597
     0 | D:1      | 0 ||| qw: Game counter: 319
     0 | D:1      | 0 ||| qw: Melee chars always use a shield: true
     0 | D:1      | 0 ||| qw: God list: Okawaru
     0 | D:1      | 0 ||| qw: Allow faded altars: false
     0 | D:1      | 0 ||| qw: Do Orc after clearing Dungeon:15 true
     0 | D:1      | 0 ||| qw: Do second Lair branch before Depths: true
     0 | D:1      | 0 ||| qw: Lair rune preference: random
     0 | D:1      | 0 ||| qw: Goals: Normal
     0 | D:1      | 0 ||| PLANNING D:1-11
   435 | D:1      | Found Eprur's Armour Shop.
   461 | D:1      | Reached XP level 2. HP: 17/17 MP: 2/2
   979 | D:1      | 979 ||| UPGRADING to +0 pair of gloves.
   984 | D:1      | 984 ||| READING scroll labelled CIAJOULA FIMUATI.
   985 | D:1      | 985 ||| READING scroll labelled JEESUU WICE.
   986 | D:1      | 986 ||| READING scroll labelled YRIZER SAYJETS.
   987 | D:1      | 987 ||| DRINKING 2 metallic dark potions.
   987 | D:1      | Gained mutation: Your skin changes colour to match your
                  | surroundings (Stealth+). [potion of mutation]
   987 | D:1      | Gained mutation: You possess an exceptional clarity of
                  | mind. [potion of mutation]
   987 | D:1      | Gained mutation: You expend magic power (3 MP) to
                  | strengthen your wands. [potion of mutation]
   988 | D:1      | 988 ||| DRINKING 2 ruby potions.
   989 | D:1      | 989 ||| DROPPING scroll of butterflies.
   990 | D:1      | 990 ||| DROPPING potion of invisibility.
  1045 | D:2      | Reached XP level 3. HP: 19/21 MP: 3/3
  1082 | D:2      | Reached skill level 5 in Ranged Weapons
  1459 | D:2      | 1459 ||| READING scroll labelled YMYRYCUSOA.
  1460 | D:2      | 1460 ||| READING scroll labelled GUECEU MIYMOEMP.
  1461 | D:2      | 1461 ||| DRINKING 3 grey potions.
  1462 | D:2      | 1462 ||| DRINKING 2 golden potions.
  1463 | D:2      | 1463 ||| READING 2 scrolls of identify.
  1463 | D:2      | 1463 ||| IDENTIFYING fuming sapphire potion
  1464 | D:2      | 1464 ||| DROPPING potion of ambrosia.
  1586 | D:3      | Reached skill level 3 in Fighting
  1677 | D:3      | Reached XP level 4. HP: 28/28 MP: 4/4
  1761 | D:3      | 1761 ||| Stepping ~*~*~tactically~*~*~ (outnumbered).
  1780 | D:3      | 1780 ||| FLEEEEING.
  1783 | D:3      | 1783 ||| FLEEEEING.
  1784 | D:3      | 1784 ||| FLEEEEING.
  1785 | D:3      | 1785 ||| FLEEEEING.
  1786 | D:3      | 1786 ||| FLEEEEING.
  1787 | D:3      | 1787 ||| FLEEEEING.
  1788 | D:3      | 1788 ||| FLEEEEING.
  1789 | D:3      | 1789 ||| FLEEEEING.
  1790 | D:3      | 1790 ||| FLEEEEING.
  1791 | D:3      | 1791 ||| FLEEEEING.
  1792 | D:3      | 1792 ||| FLEEEEING.
  1793 | D:3      | 1793 ||| FLEEEEING.
  1794 | D:3      | 1794 ||| FLEEEEING.
  2327 | D:3      | 2327 ||| READING scroll labelled UTOTZI VYTENO.
  2328 | D:3      | 2328 ||| READING scroll labelled QEQOACAROV.
  2332 | D:3      | 2332 ||| DRINKING 2 bubbling golden potions.
  2333 | D:3      | 2333 ||| READING 3 scrolls of identify.
  2333 | D:3      | 2333 ||| IDENTIFYING fizzy emerald potion
  2334 | D:3      | 2334 ||| READING 2 scrolls of identify.
  2334 | D:3      | 2334 ||| IDENTIFYING sapphire potion
  2335 | D:3      | 2335 ||| DROPPING potion of berserk rage.
  2336 | D:3      | 2336 ||| DROPPING potion of attraction.
  2337 | D:3      | 2337 ||| DROPPING potion of lignification.
  2359 | D:4      | 2359 ||| Stepping ~*~*~tactically~*~*~ (retreating).
  2360 | D:4      | 2360 ||| STAIRDANCE
  2363 | D:3      | Reached skill level 6 in Ranged Weapons
  2363 | D:3      | Reached XP level 5. HP: 26/32 MP: 5/5
  2370 | D:3      | Reached skill level 1 in Armour
  2402 | D:4      | 2402 ||| STAIRDANCE
  2412 | D:4      | 2412 ||| STAIRDANCE
  2432 | D:4      | 2432 ||| STAIRDANCE
  2437 | D:4      | 2437 ||| STAIRDANCE
  2445 | D:4      | 2445 ||| STAIRDANCE
  2483 | D:4      | Noticed Duvessa
  2486 | D:4      | Noticed Dowan
  2487 | D:4      | 2487 ||| RETREATING.
  2491 | D:4      | 2491 ||| Stepping ~*~*~tactically~*~*~ (retreating).
  2495 | D:4      | HP: 8/33 [Duvessa/+0 short sword (6)]
  2496 | D:4      | HP: 1/33 [Duvessa/+0 short sword (7)]
  2497 | D:4      | Slain by Duvessa

Levels and vault maps discovered:
D:1:      dpeg_arrival_rhombus, layout_loops_corners, serial_shops,
          nicolae_shop_tiny_real_fake_doors, st_stairs_4,
          kennysheep_small_spiral
D:2:      layout_rooms, minmay_misc_feat_four_crosses
D:3:      layout_basic
D:4:      layout_rooms, uniq_duvessa

Skill      XL: |  1  2  3  4  5 |
---------------+----------------+-----
Ranged Weapons | 5 6 |  6.0
Fighting       | 3 |  3.9
Armour         | 1 |  1.5
Dodging        | |  1.5
Stealth        | |  1.1

Action                     |  1- 3 |  4- 6 || total
---------------------------+-------+-------++-------
   Fire: Shortbow          |    96 |    84 ||   180
    Use: Scroll            |     6 |     4 ||    10
         Potion            |     4 |     1 ||     5
 Armour: Leather armour    |    29 |    41 ||    70
  Dodge: Dodged            |    28 |    31 ||    59

Table legend:
 A = Non-vault XP
 B = Vault XP
 C = Vault XP percentage of total XP
 D = Non-vault monster count
 E = Vault monster count
 F = Vault count percentage of total count
                 A         B        C        D         E       F
            +---------+---------+-------+---------+---------+-------
      Total |     301 |       3 |   1.0 |      52 |       2 |   3.7
            +---------+---------+-------+---------+---------+-------
        D:1 |      19 |       3 |  13.6 |      10 |       2 |  16.7
        D:2 |      42 |       0 |   0.0 |      15 |       0 |   0.0
        D:3 |     189 |       0 |   0.0 |      22 |       0 |   0.0
        D:4 |      51 |       0 |   0.0 |       5 |       0 |   0.0
            +---------+---------+-------+---------+---------+-------
